 Dungeon Crawl Stone Soup version 0.28.0-49-g6dfe1f597d (webtiles) character file.

Game seed: 3270867437943884258

111 greasedhog the Cudgeller (level 4, 0/28 HPs)
             Began as a Gargoyle Fighter on May 11, 2022.
             Slain by a gnoll
             ... wielding a +0 spear
              (7 damage)
             ... on level 3 of the Dungeon.
             The game lasted 00:03:34 (2792 turns).

greasedhog the Cudgeller (Gargoyle Fighter)         Turns: 2792, Time: 00:03:35

Health: 0/28       AC: 11    Str: 22    XL:     4   Next: 92%
Magic:  4/4        EV:  9    Int:  8    God:
Gold:   86         SH:  4    Dex:  9    Spells: 3/3 levels left

rFire   . . .      SeeInvis .   a - +0 whip (elec)
rCold   . . .      Faith    .   c - +0 buckler
rNeg    + . .      Spirit   .   b - +0 scale mail
rPois   ∞          Reflect  .   g - +0 helmet
rElec   +          Harm     .   (no cloak)
rCorr   .          Rampage  .   (no gloves)
Will    .....                   (no boots)
Stlth   ..........              (no amulet)
HPRegen 0.09/turn               (no ring)
MPRegen 0.09/turn               (no ring)

@: no status effects
A: sickness immunity, AC +3, negative energy resistance 1, electricity
resistance, torment resistance 1, petrification resistance
a: no special abilities


You were on level 3 of the Dungeon.
You visited 1 branch of the dungeon, and saw 3 of its levels.

You collected 86 gold pieces.

Inventory:

Hand Weapons
 a - a +0 whip of electrocution (weapon)
Armour
 b - a +0 scale mail (worn)
 c - a +0 buckler (worn)
 g - a +0 helmet (worn)
Scrolls
 e - a scroll of torment {unknown}
 f - a scroll of identify
 h - 2 scrolls of vulnerability {unknown}
 j - a scroll of noise {unknown}
 l - a scroll of enchant weapon {unknown}
 m - a scroll of immolation {unknown}
Potions
 d - a potion of might
 i - a potion of flight {unknown}
 k - a potion of mutation {unknown}
 n - a potion of haste {unknown}


   Skills:
 - Level 3.2 Fighting
 * Level 4.9 Maces & Flails
 - Level 3.2 Armour
 - Level 3.2 Shields


You had 3 spell levels left.
You didn't know any spells.
Your spell library was empty.

Dungeon Overview and Level Annotations

Branches:
Dungeon (3/15)

Altars:


Innate Abilities, Weirdness & Mutations

You are immune to sickness and miasma.
Your stone body is resilient. (AC +3)
You are immune to poison.
You resist negative energy. (rN+)
You are resistant to electric shocks. (rElec)
You are resistant to unholy torment.
You are immune to petrification.


Message History

The gnoll hits you from afar with a +0 spear. x2
The gnoll hits you from afar with a +0 spear.
The gnoll hits you but does no damage.
You barely miss the gnoll. The gnoll closely misses you.
The gnoll barely misses you.
You hit the gnoll but do no damage. Lightning courses through the gnoll!
The gnoll is almost dead.
The gnoll hits you with a +0 spear. The gnoll barely misses you.
You hit the gnoll.
You kill the gnoll!
The gnoll hits you from afar with a +0 spear.
The gnoll shouts!
The gnoll closely misses you.
Items here: )) ††.
You barely miss the gnoll. The gnoll completely misses you.
The gnoll hits you with a +0 spear.
You closely miss the gnoll. The gnoll completely misses you.
The gnoll closely misses you.
You hit the gnoll but do no damage. Lightning courses through the gnoll!
You kill the gnoll!
The gnoll hits you but does no damage. The gnoll closely misses you.
Things that are here:
a +0 spear; a gnoll corpse You barely miss the gnoll.
The gnoll hits you but does no damage.
You hit the gnoll but do no damage. The gnoll hits you but does no damage.
You hit the gnoll.
The gnoll is moderately wounded.
The gnoll hits you with a +0 spear.
* * * LOW HITPOINT WARNING * * *
You hit the gnoll.
The gnoll is moderately wounded.
The gnoll hits you but does no damage.
You hit the gnoll but do no damage.
The gnoll is moderately wounded.
The gnoll hits you but does no damage.
You hit the gnoll.
The gnoll is severely wounded.
The gnoll hits you with a +0 spear!
You die...

### #.. #..
#####..#################
......g@)...............
#####.#†###.#######.###.
.. #.# #.# #.# #. ...
#.# #.# #.# #) ... #.#
#.# #.# #. #. #.#
#.#######.###. # ...
.............. ...
....#####.#### ##..# #.#


You could see a gnoll.

Vanquished Creatures
  An iguana (D:3)
  3 gnolls (D:3)
  2 adders
  A dart slug (D:1)
  4 ball pythons (D:1)
  6 endoplasms
  A giant cockroach (D:1)
  4 goblins
  2 hobgoblins
  3 bats
  A frilled lizard (D:2)
  4 kobolds
  7 rats
39 creatures vanquished.

Vanquished Creatures (others)
  3 plants (D:1)
3 creatures vanquished.

Grand Total: 42 creatures vanquished

Notes
Turn   | Place    | Note
-------+----------+-------------------------------------------
     0 | D:1      | greasedhog the Gargoyle Fighter began the quest for the
                  | Orb.
     0 | D:1      | Reached XP level 1. HP: 14/14 MP: 1/1
   443 | D:2      | Reached XP level 2. HP: 9/19 MP: 2/2
   799 | D:2      | Reached skill level 3 in Maces & Flails
  1172 | D:2      | Found a faded altar of an unknown god.
  1441 | D:1      | Reached XP level 3. HP: 22/23 MP: 3/3
  2576 | D:3      | Reached skill level 4 in Maces & Flails
  2664 | D:3      | Reached XP level 4. HP: 23/28 MP: 4/4
  2792 | D:3      | Slain by a gnoll

Illustrated notes

Levels and vault maps discovered:
D:1:      dpeg_arrival_water_fire, layout_loops_ring, chequers_big_river
D:2:      layout_basic, shapermc_ecumenical_altar_hornbeckon
D:3:      layout_loops_ring

Skill      XL: |  1  2  3 |
---------------+----------+-----
Maces & Flails | 3 4 |  4.9
Fighting       | |  3.2
Armour         | |  3.2
Shields        | |  3.2

Action                   |  1- 3 |  4- 6 || total
-------------------------+-------+-------++-------
Melee: Flail             |    32 |       ||    32
       Whip              |    81 |    17 ||    98
  Use: Scroll            |     3 |       ||     3
Armor: Scale mail        |    50 |     6 ||    56
Dodge: Dodged            |    48 |     9 ||    57
Block: Buckler           |    15 |     2 ||    17
